 Dungeon Crawl Stone Soup version 0.30-b1-2-g02819fbbbe (webtiles) character file.

Game seed: 950722915638396566

51 MisterFreud the Changer (level 3, -1/42 HPs)
             Began as a Draconian Transmuter on June 23, 2023.
             Killed by divine providence
             ... invoked by an orc priest
              (16 damage)
             ... on level 3 of the Dungeon.
             The game lasted 00:01:20 (1226 turns).

MisterFreud the Changer (Draconian Transmuter)      Turns: 1226, Time: 00:01:21

Health: -1/42      AC: 21    Str: 12    XL:     3   Next: 57%
Magic:  5/6        EV:  2    Int: 15    God:
Gold:   83         SH:  0    Dex: 11    Spells: 5/6 levels left

rFire   . .          .
                       - Unarmed
rCold   . . .        (no shield)
rNeg    . . .        (body armour unavailable)
rPois   +            (helmet currently unavailable)
rElec   .            (cloak currently unavailable)
rCorr   .            (gloves currently unavailable)
SInv    .            (boots currently unavailable)
Will    .....        (no amulet)
Stlth   +            (no ring)
HPRegen 0.27/turn    (no ring)
MPRegen 0.10/turn

%: no passive effects
@: confused, tree-form
A: stationary, stasis, torment immunity, boosted hp, AC +5, unfitting armour,
(cold-blooded)
a: no special abilities


You were on level 3 of the Dungeon.
You were a tree.
You visited 1 branch of the dungeon, and saw 3 of its levels.

You collected 83 gold pieces.

Inventory:

Scrolls
 b - 4 scrolls of vulnerability
Potions
 c - a potion of magic {unknown}
 f - a potion of might
 g - 2 potions of haste


   Skills:
 - Level 1.1 Fighting
 - Level 1.7 Dodging
 - Level 3.0 Unarmed Combat
 - Level 2.0 Spellcasting
 + Level 4.0 Transmutations


You had 5 spell levels left.
You knew the following spells:

 Your Spells              Type           Power      Damage    Failure   Level
a - Beastly Appendage     Tmut           26%        N/A       4%          1

Your spell library contained the following spells:

 Spells                   Type           Power      Damage    Failure   Level
 Wereblood                Tmut           13%        N/A       6%          2
 Magic Dart               Conj           4%         1d3       22%         1
 Spider Form              Tmut/Pois      7%         N/A       28%         3
 Searing Ray              Conj           2%         2d4       32%         2
 Ice Form                 Ice/Tmut       7%         N/A       67%         4
 Fulminant Prism          Conj/Hex       0%         3d5       91%         4


Dungeon Overview and Level Annotations

Branches:
Dungeon (3/15)

Altars:


Innate Abilities, Weirdness & Mutations

You are a tree.
Your roots penetrate the ground, keeping you stationary.
You cannot be teleported.
You are immune to unholy pain and torment.
Your maximum health is greatly increased.
Your equipment is partially melded.
((Your plain brown scales are hard. (AC +5)))
You cannot fit into any form of body armour.
((You are cold-blooded and may be slowed by cold attacks.))


Message History

Found a scroll labelled XUBRIE HUMAYTS.
The orc wizard casts a spell at you. The puff of flame misses you.
Casting: Beastly Appendage (safe; 4% risk of failure)
Confirm with . or Enter, or press ? or * to list all spells.
Okay, then.
Unknown command.
Unknown command.
Unknown command.
You grow a pair of large bovine horns.
Your feet morph into talons.
The gnoll hits you with a +0 club.
Unknown command.
You hit the gnoll but do no damage.
You tail-slap the gnoll, but do no damage.
The gnoll hits you but does no damage.
Unknown command.
You hit the gnoll. You claw the gnoll, but do no damage.
You headbutt the gnoll.
The gnoll is moderately wounded.
The gnoll closely misses you.
You completely miss the gnoll.
The gnoll is moderately wounded.
The gnoll hits you with a +0 club.
The orc priest invokes the aid of Beogh against you.
Beogh smites you!
* * * LOW HITPOINT WARNING * * *
Really quaff the potion of lignification?
Your horns disappear.
Your talons disappear.
You turn into a tree.
Your roots penetrate the ground.
The gnoll hits you with a +0 club.
* * * LOW HITPOINT WARNING * * *
The orc wizard points at you and mumbles some strange words.
You resist with significant effort.
An orc comes into view. It is wielding a +0 whip.
You feel better. The gnoll hits you but does no damage.
The orc wizard casts a spell at you.
You are confused.
The orc priest invokes the aid of Beogh against you.
Beogh smites you!
You die...

..... ......
..#..# #.#...#
.#######).....#
.......<...#
......og####
......#g#
......#♣#
o.....o.#
.......##
....... ......#
.?.... ..####
..


You could see an orc priest, an orc wizard, a gnoll, an orc (wandering) and a
goblin.

Vanquished Creatures
  2 gnolls (D:2)
  A dart slug (D:2)
  7 endoplasms
  A giant cockroach (D:1)
  4 hobgoblins
  2 jackals (D:1)
  A kobold (D:1)
  A quokka (D:1)
  2 ball pythons (D:1)
  2 bats
  3 rats
26 creatures vanquished.

Notes
Turn   | Place    | Note
-------+----------+-------------------------------------------
     0 | D:1      | MisterFreud the Draconian Transmuter began the quest for
                  | the Orb.
     0 | D:1      | Reached XP level 1. HP: 16/16 MP: 3/3
    90 | D:1      | Found a faded altar of an unknown god.
   370 | D:1      | Reached XP level 2. HP: 18/23 MP: 3/5
   669 | D:1      | Reached skill level 3 in Transmutations
  1142 | D:2      | Reached XP level 3. HP: 18/28 MP: 4/6
  1207 | D:2      | Reached skill level 4 in Transmutations
  1226 | D:3      | Killed from afar by an orc priest

Illustrated notes

Levels and vault maps discovered:
D:1:      lightli_arrival_windingriver, layout_basic,
          shapermc_ecumenical_altar_venn
D:2:      layout_rooms, uniq_natasha
D:3:      layout_rooms, uniq_grinder, uniq_ijyb

Skill      XL: |  1  2  3 |
---------------+----------+-----
Transmutations | 3 4 |  4.0
Fighting       | |  1.1
Dodging        | |  1.7
Unarmed Combat | |  3.0
Spellcasting   | |  2.0

Action                     || total
---------------------------++-------
  Melee: Unarmed           ||    70
         Kick              ||    13
         Tailslap          ||    11
         Headbutt          ||     4
         Punch             ||     1
   Cast: Beastly Appendage ||    13
    Use: Scroll            ||     6
         Potion            ||     2
 Armour: Skin              ||    24
  Dodge: Dodged            ||    54
